 Dungeon Crawl Stone Soup version 0.27.1-3-gb3d3a73c9e (webtiles) character file.

Game seed: 17650380791339178951

303 Urokeeper the Sneak (level 6, -9/55 HPs)
             Began as a Kobold Brigand on Oct 18, 2021.
             Killed by divine providence
             ... invoked by an orc priest
              (17 damage)
             ... on level 3 of the Dungeon.
             The game lasted 00:20:00 (4235 turns).

Urokeeper the Sneak (Kobold Brigand)                Turns: 4235, Time: 00:20:01

Health: -9/55      AC: 23    Str: 10    XL:     6   Next: 66%
Magic:  6/6        EV:  3    Int: 12    God:
Gold:   141        SH:  0    Dex: 19    Spells: 5/5 levels left

rFire    . . .     SeeInvis .   w - +0 mace (vorpal)
rCold    . . .     Faith    .   o - +0 buckler
rNeg     + + +     Spirit   .   (armour currently unavailable)
rPois    +         Reflect  .   (helmet currently unavailable)
rElec    .         Harm     .   (cloak currently unavailable)
rCorr    .         Rampage  .   (gloves currently unavailable)
Will     .....     NoTele   +   (boots currently unavailable)
Stlth    ++........             (no amulet)
HPRegen  0.18/turn              (no ring)
MPRegen  0.10/turn              (no ring)

@: confused, tree-form, on berserk cooldown, hasted and slowed
A: stationary, stasis, torment immunity, boosted hp, small, no large weapons,
nightstalker 3, agile 1, mutation resistance 1
a: no special abilities


You were on level 3 of the Dungeon.
You were a tree.
You visited 1 branch of the dungeon, and saw 4 of its levels.

You collected 141 gold pieces.

Inventory:

Hand Weapons
 a - a +2 dagger
 g - a +0 short sword
 i - a +0 trident
 n - a +0 war axe
 w - a +0 vorpal mace (weapon)
Missiles
 d - 12 poisoned darts
 e - 2 curare-tipped darts (quivered)
 s - 8 boomerangs
 y - a throwing net
Armour
 b - a +0 robe
 c - a +0 cloak (melded)
 o - a +0 buckler (worn)
 p - a +0 scale mail (melded)
 t - a +0 ring mail
 x - a +0 helmet (melded)
Scrolls
 f - a scroll of enchant weapon
 j - 2 scrolls of vulnerability
 l - a scroll of fog
 u - a scroll of teleportation
 v - a scroll of fear {unknown}
Potions
 h - a potion of berserk rage
 q - 2 potions of magic


   Skills:
 + Level 3.4 Fighting
 + Level 4.0(4.9) Short Blades
 * Level 2.5(3.0) Long Blades
 - Level 2.1 Throwing
 + Level 1.4 Armour
 + Level 3.1 Dodging
 - Level 5.3 Stealth
 + Level 1.4 Shields


You had 5 spell levels left.
You didn't know any spells.
Your spell library contained the following spells:

 Spells                   Type           Power      Damage    Failure   Level
 Blink                    Tloc           N/A        N/A       58%         2
 Sublimation of Blood     Necr           0%         N/A       58%         2
 Wereblood                Tmut           0%         N/A       58%         2
 Lesser Beckoning         Tloc           0%         N/A       82%         3
 Manifold Assault         Tloc           0%         N/A       100%        5
 Summon Hydra             Summ           0%         N/A       100%        7


Dungeon Overview and Level Annotations

Branches:
Dungeon (4/15)
 Temple: D:4-7

Altars:
Cheibriados
Fedhas
Ru

Annotations:
D:3 4 exclusions


Innate Abilities, Weirdness & Mutations

You are a tree.
Your roots penetrate the ground, keeping you stationary.
You cannot be teleported.
You are immune to unholy pain and torment.
Your maximum health is greatly increased.
Your equipment is partially melded.
You are small and have problems with some larger weapons.
You are completely attuned to the shadows.
You are agile. (Dex +2)
You are somewhat resistant to further mutation.


Message History

You hear some strange, mumbled words.
You are confused.
The orc priest barely misses you. The orc hits you but does no damage.
You are too confused!
You cannot move. (Use ctrl+direction or * direction to attack without moving.)
You cannot move. (Use ctrl+direction or * direction to attack without moving.)
You cannot move. (Use ctrl+direction or * direction to attack without moving.)
You cannot move. (Use ctrl+direction or * direction to attack without moving.)
You cannot move. (Use ctrl+direction or * direction to attack without moving.)
You cannot move. (Use ctrl+direction or * direction to attack without moving.)
You cannot move. (Use ctrl+direction or * direction to attack without moving.)
You cannot move. (Use ctrl+direction or * direction to attack without moving.)
You cannot move. (Use ctrl+direction or * direction to attack without moving.)
You cannot move. (Use ctrl+direction or * direction to attack without moving.)
You cannot move. (Use ctrl+direction or * direction to attack without moving.)
You cannot move. (Use ctrl+direction or * direction to attack without moving.)
You hit the orc.
You kill the orc!
Something hits you but does no damage.
The orc priest hits you but does no damage.
Something hits you but does no damage.
You swing at nothing.
The orc priest barely misses you. Something hits you but does no damage.
The orc priest hits you but does no damage.
You swing at nothing.
You hear some strange, mumbled words.
You are more confused.
The orc priest hits you but does no damage.
Something hits you.
* * * LOW HITPOINT WARNING * * *
You swing at nothing.
The orc priest hits you but does no damage.
Something hits you.
* * * LOW HITPOINT WARNING * * *
The orc priest hits you but does no damage.
Sorry, you're not good enough to have a special ability.
You swing at nothing.
Something hits you but does no damage.
The orc priest calls down the wrath of Beogh upon you.
Beogh smites you!
You die...

### ..###### .......## ###.##..#
# #..##.# # ##.##.# ####
############ #
#.##.#######..###..[.......### #
#.(#........{.)...............
#.....######.♣#.[....(..[....#
####...#....# #o.#..............#
........###.# ##.#..............#
#........##.# #.#..............o
#...........## #................#
#............###............>..o.
#.......#....)................##o
######..##......####..........##.
##.##.##.#.......####.##..##


You could see an orc priest.

Vanquished Creatures
  An orc priest (D:3)
  A bullfrog skeleton (D:4)
  Natasha (thrice) (D:2)
  Terence (D:2)
  Robin (D:2)
  3 gnolls (D:3)
  3 adders
  5 orcs
  5 bats
  4 endoplasms
  2 giant cockroaches
  14 goblins
  8 hobgoblins
  7 jackals
  5 kobolds
  3 quokkas
  5 ball pythons
  3 frilled lizards
  5 rats
79 creatures vanquished.

Notes
Turn   | Place    | Note
-------+----------+-------------------------------------------
     0 | D:1      | Urokeeper the Kobold Brigand began the quest for the Orb.
     0 | D:1      | Reached XP level 1. HP: 12/12 MP: 1/1
   105 | D:1      | Reached XP level 2. HP: 7/18 MP: 2/2
   662 | D:1      | Reached XP level 3. HP: 22/22 MP: 3/3
  1016 | D:2      | Reached skill level 1 in Long Blades
  1092 | D:2      | Noticed Terence
  1095 | D:2      | Killed Terence
  1096 | D:2      | Reached XP level 4. HP: 27/27 MP: 4/4
  1144 | D:2      | You fall into a shaft and drop 2 floors!
  1283 | D:4      | Found a snail-covered altar of Cheibriados.
  1320 | D:3      | Found a faded altar of an unknown god.
  1507 | D:3      | Reached skill level 1 in Armour
  2124 | D:2      | Reached XP level 5. HP: 25/32 MP: 5/5
  2144 | D:2      | Noticed Natasha
  2155 | D:2      | Killed Natasha
  2380 | D:2      | Noticed Robin
  2400 | D:2      | Killed Robin
  2401 | D:2      | Reached skill level 1 in Shields
  2565 | D:2      | Noticed Natasha
  2577 | D:2      | Killed Natasha
  2781 | D:2      | Noticed Natasha
  2793 | D:2      | Killed Natasha
  2794 | D:2      | Reached XP level 6. HP: 29/37 MP: 6/6
  3248 | D:3      | HP: 1/37 [gnoll (3)]
  4062 | D:3      | Found a sacrificial altar of Ru.
  4103 | D:3      | Found a blossoming altar of Fedhas.
  4227 | D:3      | Gained mutation: You are agile. (Dex +2) [potion of
                  | mutation]
  4227 | D:3      | Gained mutation: You are somewhat resistant to further
                  | mutation. [potion of mutation]
  4228 | D:3      | HP: 1/55 [orc (3)]
  4235 | D:3      | Killed from afar by an orc priest

Illustrated notes

Levels and vault maps discovered:
D:1:      doesnt_arrival_eight_statues, layout_loops_ring
D:2:      layout_loops_ring, kennysheep_cross_room, uniq_robin, uniq_natasha,
          uniq_terence
D:3:      layout_rooms, nicolae_ru_path_of_blood, fedhas_altar_2,
          ebering_ecumenical_altar_rust
D:4:      layout_gridville, cheibriados_altar_1, mainiacjoe_overflow_big_doors,
          uniq_purgy

Skill      XL: |  1  2  3  4  5  6 |
---------------+-------------------+-----
Short Blades   | 3 4 |  4.0
Long Blades    | 1 2 |  2.5
Dodging        | 2 3 |  3.1
Armour         | 1 |  1.4
Fighting       | 3 |  3.4
Shields        | 1 |  1.4
Throwing       | |  2.1
Stealth        | |  5.3

Action                   |  1- 3 |  4- 6 || total
-------------------------+-------+-------++-------
Melee: Dagger            |    50 |    62 ||   112
       Trident           |     3 |       ||     3
       War axe           |       |    44 ||    44
       Mace              |       |    92 ||    92
Throw: Dart              |       |     3 ||     3
  Use: Scroll            |     1 |     3 ||     4
       Potion            |       |     6 ||     6
 Stab: Sleeping          |    21 |    11 ||    32
Armor: Robe              |     8 |       ||     8
       Scale mail        |       |    87 ||    87
       Skin              |       |    24 ||    24
Dodge: Dodged            |    34 |   119 ||   153
Block: Buckler           |       |    57 ||    57
